 Dungeon Crawl Stone Soup version 0.31-a0-702-gf82c85558f (webtiles) character file.

Game seed: 17709434051602052455

158 qw the Shooter (level 5, -1/32 HPs)
             Began as a Gargoyle Hunter on Sept 8, 2023.
             Constricted to death by Ijyb (3 damage)
             ... on level 3 of the Dungeon.
             The game lasted 00:00:50 (1488 turns).

qw the Shooter (Gargoyle Hunter)                    Turns: 1488, Time: 00:00:51

Health: -1/32      AC:  7    Str: 13    XL:     5   Next: 39%
Magic:  5/5        EV:  8    Int:  9    God:
Gold:   105        SH:  0    Dex: 19    Spells: 4/4 levels left

rFire   . . .        Y - +0 shortbow
rCold   x . .        (shield currently unavailable)
rNeg    + . .        d - +0 ring mail
rPois   inf          h - +0 helmet
rElec   +            (no cloak)
rCorr   .            (no gloves)
SInv    .            (no boots)
Will    .....        (no amulet)
Stlth   +            (no ring)
HPRegen 0.25/turn    (no ring)
MPRegen 0.09/turn

%: no passive effects
@: grasped by roots, constricted
A: sickness immunity, AC +4, negative energy resistance 1, electricity
resistance, torment resistance 1, petrification resistance, agile 1, deformed
body, cold vulnerability 1
a: no special abilities


You were on level 3 of the Dungeon.
You visited 1 branch of the dungeon, and saw 3 of its levels.

You collected 105 gold pieces.


Innate Abilities, Weirdness & Mutations

You are immune to sickness and miasma.
Your stone body is resilient. (AC +4)
You are immune to poison.
You resist negative energy. (rN+)
You are resistant to electric shocks. (rElec)
You are resistant to unholy torment.
You are immune to petrification.
You are agile. (Dex +4, Str/Int -1)
Armour fits poorly on your strangely shaped body.
You are vulnerable to cold. (rC-)


   Skills:
 - Level 3.1 Fighting
 + Level 5.9 Ranged Weapons
 - Level 1.5 Armour
 - Level 1.5 Dodging
 - Level 1.1 Stealth


You had 4 spell levels left.
You didn't know any spells.
Your spell library was empty.

Inventory:

Hand Weapons
 Y - a +0 shortbow (weapon)
Armour
 d - a +0 ring mail (worn)
 h - a +0 helmet (worn)
Scrolls
 a - a scroll of identify
 b - a scroll of blinking {unknown}
Potions
 c - a potion of curing
 j - a potion of ambrosia {unknown}

Dungeon Overview and Level Annotations

Branches:
Dungeon (3/15)

Altars:

Annotations:
D:3 Ijyb


Message History

You shoot an arrow. The arrow hits the dart slug!
You kill the dart slug!
Found a stone staircase leading down.
You now have 98 gold pieces (gained 8).
You now have 105 gold pieces (gained 7).
Ijyb the Twisted Goblin comes into view.
She is wielding a +0 dagger, wearing a +0 scale mail of poison resistance and carrying a wand of roots.
Ijyb shouts!
You hear an angry hiss.
Ijyb zaps a wand.
The roots erupt in riotous growth!
The grasping roots grab you! The grasping roots constrict you.
You shoot an arrow. The arrow hits Ijyb but does no damage.
The grasping roots constrict you. x2
You shoot an arrow. The arrow barely misses Ijyb.
Ijyb hits you but does no damage. The grasping roots constrict you.
You shoot an arrow. The arrow hits Ijyb.
Ijyb is lightly wounded.
Ijyb hits you with a +0 dagger. The grasping roots constrict you.
The grasping roots release their grip on you.
You shoot an arrow. The arrow hits Ijyb.
Ijyb is moderately wounded.
Ijyb hits you but does no damage.
You shoot an arrow. The arrow hits Ijyb.
Ijyb is moderately wounded.
Ijyb zaps a wand.
The roots erupt in riotous growth!
The grasping roots grab you!
Ijyb is unaffected.
The grasping roots constrict you. Ijyb barely misses you.
The grasping roots constrict you.
You shoot an arrow. The arrow completely misses Ijyb.
Ijyb hits you with a +0 dagger. The grasping roots constrict you.
You shoot an arrow. The arrow hits Ijyb but does no damage.
Ijyb is moderately wounded.
Ijyb barely misses you. The grasping roots constrict you.
The grasping roots release their grip on you.
You shoot an arrow. The arrow closely misses Ijyb.
Ijyb closely misses you.
You shoot an arrow. The arrow completely misses Ijyb.
Ijyb zaps a wand.
The roots erupt in riotous growth!
The grasping roots grab you!
Ijyb is unaffected.
The grasping roots constrict you.
You die...

............# #.#
####...##########.#
##... .........#
#..######.###.##
#.>. ##.# #... #.#
#.## ##.# #.
#.###.## #.g@##
##.## #. #. .. .#
#. #.


You could see Ijyb.

Vanquished Creatures
  Terence (D:3)
  3 gnolls (D:2)
  4 adders (D:2)
  A worm (D:2)
  2 dart slugs
  6 bats
  10 endoplasms
  A giant cockroach (D:1)
  6 goblins
  6 hobgoblins
  3 jackals (D:1)
  5 kobolds
  A quokka (D:2)
  3 ball pythons
  2 frilled lizards (D:1)
  3 rats
57 creatures vanquished.

Notes
Turn   | Place    | Note
-------+----------+-------------------------------------------
     0 | D:1      | qw the Gargoyle Hunter began the quest for the Orb.
     0 | D:1      | Reached XP level 1. HP: 12/12 MP: 1/1
     0 | D:1      | 0 ||| qw: Version: 0.3-a-76-g4403597
     0 | D:1      | 0 ||| qw: Game counter: 1122
     0 | D:1      | 0 ||| qw: Melee chars always use a shield: true
     0 | D:1      | 0 ||| qw: God list: Okawaru
     0 | D:1      | 0 ||| qw: Allow faded altars: false
     0 | D:1      | 0 ||| qw: Do Orc after clearing Dungeon:15 true
     0 | D:1      | 0 ||| qw: Do second Lair branch before Depths: true
     0 | D:1      | 0 ||| qw: Lair rune preference: random
     0 | D:1      | 0 ||| qw: Goals: Normal
     0 | D:1      | 0 ||| PLANNING D:1-11
    84 | D:1      | Reached XP level 2. HP: 14/17 MP: 2/2
   497 | D:1      | Reached XP level 3. HP: 21/21 MP: 3/3
   527 | D:1      | Reached skill level 5 in Ranged Weapons
   806 | D:1      | 806 ||| UPGRADING to +0 ring mail.
   816 | D:1      | 816 ||| DROPPING +0 leather armour.
   817 | D:1      | 817 ||| READING 2 scrolls labelled UHUNUSM NIQO.
   818 | D:1      | 818 ||| READING scroll labelled EGORILUECLIKK.
   819 | D:1      | 819 ||| READING scroll labelled XOIKAG FEUTTAVA.
   820 | D:1      | 820 ||| DROPPING scroll of butterflies.
   926 | D:2      | Reached skill level 1 in Armour
   948 | D:2      | 948 ||| RETREATING.
   952 | D:2      | 952 ||| Stepping ~*~*~tactically~*~*~ (retreating).
   953 | D:2      | 953 ||| Stepping ~*~*~tactically~*~*~ (retreating).
   954 | D:2      | 954 ||| Stepping ~*~*~tactically~*~*~ (retreating).
   955 | D:2      | 955 ||| Stepping ~*~*~tactically~*~*~ (retreating).
   956 | D:2      | 956 ||| Stepping ~*~*~tactically~*~*~ (retreating).
   957 | D:2      | 957 ||| Stepping ~*~*~tactically~*~*~ (retreating).
   958 | D:2      | 958 ||| RETREATING.
   963 | D:2      | Reached XP level 4. HP: 13/27 MP: 4/4
   968 | D:2      | HP: 6/27 [gnoll/+1 spear of venom (3)]
   969 | D:2      | Reached skill level 3 in Fighting
  1209 | D:2      | Reached XP level 5. HP: 29/32 MP: 5/5
  1311 | D:2      | 1311 ||| UPGRADING to +0 helmet.
  1316 | D:2      | 1316 ||| READING scroll labelled ELIYDI ENINE.
  1317 | D:2      | 1317 ||| READING scroll labelled TISTAW VOISH.
  1318 | D:2      | 1318 ||| DRINKING 2 fizzy golden potions.
  1318 | D:2      | Gained mutation: You have sharp toenails. [potion of
                  | mutation]
  1318 | D:2      | Gained mutation: You occasionally lose the ability to drink
                  | potions when taking damage. [potion of mutation]
  1318 | D:2      | Gained mutation: You are dopey. (Int -2) [potion of
                  | mutation]
  1319 | D:2      | 1319 ||| DRINKING potion of mutation.
  1319 | D:2      | Lost mutation: You occasionally lose the ability to drink
                  | potions when taking damage. [potion of mutation]
  1319 | D:2      | Lost mutation: You have sharp toenails. [potion of
                  | mutation]
  1319 | D:2      | Lost mutation: You are dopey. (Int -2) [potion of mutation]
  1319 | D:2      | Gained mutation: You are vulnerable to cold. (rC-) [potion
                  | of mutation]
  1319 | D:2      | Gained mutation: You are agile. (Dex +4, Str/Int -1)
                  | [potion of mutation]
  1319 | D:2      | Gained mutation: Armour fits poorly on your strangely
                  | shaped body. [potion of mutation]
  1320 | D:2      | 1320 ||| READING 3 scrolls of identify.
  1320 | D:2      | 1320 ||| IDENTIFYING murky dark potion
  1321 | D:2      | 1321 ||| READING 2 scrolls of identify.
  1321 | D:2      | 1321 ||| IDENTIFYING purple potion
  1322 | D:2      | 1322 ||| DROPPING potion of lignification.
  1330 | D:3      | Noticed Terence
  1337 | D:3      | Killed Terence
  1479 | D:3      | Noticed Ijyb
  1484 | D:3      | HP: 4/32 [constriction (5)]
  1486 | D:3      | HP: 1/32 [constriction (3)]
  1488 | D:3      | Constricted to death by Ijyb

Levels and vault maps discovered:
D:1:      amcnicky_arrival_abandoned_market, layout_basic, serial_aquarium,
          aquarium_bridge_square [aquarium_subvault_bridge,
          aquarium_subvault_bridge, aquarium_subvault_bridge,
          aquarium_subvault_wall], aquarium_bridge_square
          [aquarium_subvault_bridge, aquarium_subvault_balcony,
          aquarium_subvault_bridge, aquarium_subvault_window],
          aquarium_window_2, aquarium_window_1, aquarium_window_1,
          aquarium_view_2d, aquarium_balcony_3a, minivault_11, minmay_ruptured
D:2:      layout_rooms
D:3:      layout_loops_ring, eat_drink_and_be_merry_uskayaw, uniq_terence,
          uniq_ijyb

Skill      XL: |  1  2  3  4 |
---------------+-------------+-----
Ranged Weapons | 5 |  5.9
Armour         | 1 |  1.5
Fighting       | 3 |  3.1
Dodging        | |  1.5
Stealth        | |  1.1

Action                     |  1- 3 |  4- 6 || total
---------------------------+-------+-------++-------
   Fire: Shortbow          |   124 |    79 ||   203
    Use: Scroll            |     3 |     4 ||     7
         Potion            |       |     2 ||     2
 Armour: Leather armour    |    20 |       ||    20
         Ring mail         |    20 |    35 ||    55
  Dodge: Dodged            |    30 |    28 ||    58

Table legend:
 A = Non-vault XP
 B = Vault XP
 C = Vault XP percentage of total XP
 D = Non-vault monster count
 E = Vault monster count
 F = Vault count percentage of total count
                 A         B        C        D         E       F
            +---------+---------+-------+---------+---------+-------
      Total |     185 |      41 |  18.1 |      53 |       4 |   7.0
            +---------+---------+-------+---------+---------+-------
        D:1 |      47 |       5 |   9.6 |      26 |       3 |  10.3
        D:2 |     127 |       0 |   0.0 |      22 |       0 |   0.0
        D:3 |      11 |      36 |  76.6 |       5 |       1 |  16.7
            +---------+---------+-------+---------+---------+-------
